 Dungeon Crawl Stone Soup version 0.27-a0-637-g3a9f0a9c12 (webtiles) character file.

Game seed: 9157970637898264693

302 Dreamer the Changer (level 6, -6/41 HPs)
             Began as an Octopode Transmuter on Mar 14, 2021.
             Was an Initiate of Cheibriados.
             Mangled by a centaur (10 damage)
             ... on level 5 of the Dungeon.
             The game lasted 00:40:11 (4631 turns).

Dreamer the Changer (Octopode Transmuter)           Turns: 4631, Time: 00:40:12

Health: -6/41      AC:  1    Str: 10    XL:     6   Next: 37%
Magic:  9/9        EV: 14    Int: 16    God:    Cheibriados [......]
Gold:   240        SH:  0    Dex: 16    Spells: 4/9 levels left

rFire    . . .     SeeInvis .     - Unarmed
rCold    . . .     Faith    .   (no shield)
rNeg     . . .     Spirit   .   (helmet restricted)
rPois    .         Reflect  .   (no amulet)
rElec    .         Harm     .   (no ring)
rCorr    .         Rampage  .   (no ring)
Will     .....                  (no ring)
Stlth    ++++......             (no ring)
HPRegen  0.13/turn              (no ring)
MPRegen  0.11/turn              (no ring)
                                (no ring)
                                (no ring)

@: very slow
A: almost no armour, amphibious, 8 rings, camouflage 1, gelatinous body 1,
nimble swimmer 1, tentacles
a: Renounce Religion, Bend Time


You were on level 5 of the Dungeon.
You worshipped Cheibriados.
Cheibriados was noncommittal.
You visited 1 branch of the dungeon, and saw 5 of its levels.

You collected 240 gold pieces.

Inventory:

Missiles
 a - 119 arrows
 j - 6 javelins
Wands
 p - a wand of flame (12)
 q - a wand of polymorph (12)
Scrolls
 b - 2 scrolls of teleportation {unknown}
 c - 4 scrolls of amnesia {unknown}
 f - 2 scrolls of magic mapping {unknown}
 g - 4 scrolls of identify {unknown}
Potions
 d - a potion of brilliance {unknown}
 e - a potion of magic
 i - 2 potions of resistance
 k - a potion of might {unknown}
 l - a potion of attraction {unknown}
 m - a potion of curing {unknown}
 n - a potion of flight {unknown}
 o - a potion of lignification {unknown}


   Skills:
 - Level 2.4 Fighting
 - Level 2.8 Dodging
 + Level 4.0 Stealth
 - Level 3.8 Unarmed Combat
 - Level 2.0 Spellcasting
 * Level 4.1 Transmutations


You had 4 spell levels left.
You knew the following spells:

 Your Spells              Type           Power      Damage    Failure   Level
a - Beastly Appendage     Tmut           28%        N/A       3%          1
b - Ice Form              Ice/Tmut       8%         N/A       65%         4

Your spell library contained the following spells:

 Spells                   Type           Power      Damage    Failure   Level
 Wereblood                Tmut           14%        N/A       6%          2
 Spider Form              Tmut/Pois      4%         N/A       26%         3
 Blade Hands              Tmut           7%         N/A       71%         5


Dungeon Overview and Level Annotations

Branches:
Dungeon (5/15)
 Temple: D:4-7

Altars:
Cheibriados
Sif Muna

Shops:
D:4 *

Annotations:
D:4 exclusion: phantom, Dowan, Duvessa
D:5 Eustachio


Innate Abilities, Weirdness & Mutations

You cannot wear most types of armour.
You are amphibious.
You can wear up to eight rings at the same time.
Your skin changes colour to match your surroundings (Stealth+).
Your rubbery body absorbs attacks. (AC +1, EV +1)
You are stealthy while swimming. (Stealth+)
You have tentacles for arms and can constrict up to eight enemies at once.


Message History

Found a stone staircase leading down.
You see here a +0 war axe.
As you open the door, it creaks loudly!
You hear a shout! x2
A centaur comes into view.
The centaur wields a +0 shortbow.
The centaur shoots an arrow.
The arrow hits you!
There is an open door here.
You close the door.
You start resting.
A centaur is nearby!
You tentacle-slap the centaur.
The centaur is lightly wounded.
The centaur unwields a +0 shortbow.
The centaur hits you! The centaur closely misses you.
You tentacle-slap the centaur.
The centaur is lightly wounded.
The centaur hits you.
You tentacle-slap the centaur.
The centaur is moderately wounded.
The centaur hits you!
* * * LOW HITPOINT WARNING * * *
The centaur barely misses you.
You tentacle-slap the centaur but do no damage.
The centaur is moderately wounded.
The centaur closely misses you.
You tentacle-slap the centaur.
The centaur is heavily wounded.
The centaur hits you!
* * * LOW HITPOINT WARNING * * *
You closely miss the centaur.
The centaur is heavily wounded.
The centaur hits you but does no damage.
The centaur closely misses you.
You tentacle-slap the centaur but do no damage.
The centaur is heavily wounded.
The centaur barely misses you.
You tentacle-slap the centaur.
The centaur is heavily wounded.
The centaur hits you!
You die...

.........#..
............ #######
...........# .....#
........#### .....
........'... ...#
#.......#### ..#
#........... #c#
#........... #@#
####........ #.#
#........
##.###+########........
........................
..#..c..................
#................###.. .
#.###+#######....# #..
..#. #.# #####....# #..
..$. ##.###........# #..


You could see a centaur.

Vanquished Creatures
  A scorpion (D:4)
  Crazy Yiuf (D:3)
  An iguana (D:4)
  A worker ant (D:4)
  7 adders
  3 oozes
  2 worms
  3 dart slugs
  2 leopard geckos
  12 orcs
  A ball python (D:4)
  4 giant cockroaches
  3 goblins
  7 hobgoblins
  4 jackals (D:3)
  3 quokkas (D:3)
  3 bats
  4 frilled lizards
  7 kobolds
  11 rats
80 creatures vanquished.

Notes
Turn   | Place    | Note
-------+----------+-------------------------------------------
     0 | D:1      | Dreamer the Octopode Transmuter began the quest for the
                  | Orb.
     0 | D:1      | Reached XP level 1. HP: 13/13 MP: 3/3
   341 | D:1      | Reached XP level 2. HP: 18/18 MP: 5/5
  1092 | D:2      | Reached skill level 1 in Stealth
  1100 | D:2      | Reached XP level 3. HP: 22/24 MP: 6/6
  1636 | D:2      | Reached XP level 4. HP: 24/29 MP: 7/7
  1755 | D:2      | Found a faded altar of an unknown god.
  2070 | D:2      | Learned a level 4 spell: Ice Form
  2631 | D:3      | Reached XP level 5. HP: 35/35 MP: 8/8
  2722 | D:3      | Found a shimmering blue altar of Sif Muna.
  2731 | D:3      | Found a runed translucent door.
  2732 | D:3      | Noticed Crazy Yiuf
  2742 | D:3      | Killed Crazy Yiuf
  3476 | D:4      | Noticed a phantom
  3821 | D:4      | Found a snail-covered altar of Cheibriados.
  3831 | D:4      | Became a worshipper of Cheibriados the Contemplative
  3947 | D:4      | Reached XP level 6. HP: 4/41 MP: 9/9
  3947 | D:4      | HP: 2/41 [poisoned by a scorpion]
  4258 | D:4      | Found Tuethro's General Store.
  4386 | D:4      | Noticed Dowan
  4387 | D:4      | Noticed Duvessa
  4464 | D:5      | Entered Level 5 of the Dungeon
  4464 | D:5      | Noticed Eustachio
  4575 | D:5      | Noticed an ice beast
  4631 | D:5      | Mangled by a centaur

Illustrated notes

Levels and vault maps discovered:
D:1:      co_arrival_random_square_maze, layout_loops_ring,
          hangedman_decor_growths
D:2:      layout_loops_ring, chequers_ecumenical_altar_simple
D:3:      layout_rooms, led_sif_pool, uniq_crazy_yiuf_cottage
D:4:      layout_basic, serial_shops, shop, cheibriados_altar_1, uniq_duvessa
D:5:      layout_basic, temple_fountains, uniq_eustachio, uniq_ijyb

Skill      XL: |  1  2  3  4  5  6 |
---------------+-------------------+-----
Stealth        | 1 2 3 4 |  4.0
Fighting       | 2 |  2.4
Transmutations | 3 4 |  4.1
Dodging        | |  2.8
Unarmed Combat | |  3.8
Spellcasting   | |  2.0

Action                   |  1- 3 |  4- 6 || total
-------------------------+-------+-------++-------
Melee: Unarmed           |    86 |   142 ||   228
       Constrict         |    27 |    37 ||    64
       Tentacles         |    16 |    26 ||    42
       Punch             |     4 |     5 ||     9
  Use: Potion            |       |     3 ||     3
 Stab: Sleeping          |     5 |    10 ||    15
Armor: Skin              |     5 |     4 ||     9
Dodge: Dodged            |    39 |    88 ||   127

Table legend: (Time is in decaauts)
 A = Elapsed time spent in this place.
 B = Non-inter-level travel time spent in this place.
 C = Inter-level travel time spent in this place.
 D = Time resting spent in this place.
 E = Time spent auto-exploring this place.
 F = Levels seen in this place.
 G = Mean time per level.
                   A        B        C        D        E       F      G
               +--------+--------+--------+--------+--------+-----+--------+
         Total |   4765 |   4765 |      0 |   1556 |   1686 |   5 |  953.0 |
       Dungeon |   4765 |   4765 |      0 |   1556 |   1686 |   5 |  953.0 |
               +--------+--------+--------+--------+--------+-----+--------+

Top non-repeatable levels by time:
     D:4: 1414 daAuts
     D:2: 1364 daAuts
     D:3: 1039 daAuts
     D:1: 842 daAuts
     D:5: 105 daAuts
